 Dungeon Crawl Stone Soup version 0.30.0-29-ga12c61a403 (webtiles) character file.

Game seed: 10029654312766036337

35 cheesebisquit the Grave Robber (level 3, -5/28 HPs)
             Began as a Ghoul Necromancer on June 7, 2023.
             Slain by a worm (10 damage)
             ... on level 2 of the Dungeon.
             The game lasted 00:06:00 (1396 turns).

cheesebisquit the Grave Robber (Ghoul Necromancer)  Turns: 1396, Time: 00:06:01

Health: -5/28      AC:  2    Str: 11    XL:     3   Next: 33%
Magic:  1/5        EV: 12    Int: 12    God:
Gold:   59         SH:  0    Dex:  9    Spells: 5/6 levels left

rFire   . . .        k - +0 hand axe
rCold   + . .        (no shield)
rNeg    + + +        a - +0 robe
rPois   ∞            (no helmet)
rElec   .            (no cloak)
rCorr   .            (no gloves)
SInv    .            (no boots)
Will    .....        (no amulet)
Stlth   ++           (no ring)
HPRegen 0.00/turn    (no ring)
MPRegen 0.09/turn

%: no passive effects
@: mighty, inhibited regen
A: claws 1, cold resistance 1, negative energy resistance 3, inhibited
regeneration, torment resistance 2, devour on kill
a: no special abilities


You were on level 2 of the Dungeon.
You visited 1 branch of the dungeon, and saw 2 of its levels.

You collected 59 gold pieces.

Inventory:

Hand Weapons
 c - a +0 dagger
 k - a +0 hand axe (weapon)
Armour
 a - a +0 robe (worn)
 b - a +0 ring mail
 j - a +0 chain mail
Scrolls
 d - a scroll of identify {unknown}
 e - a scroll of immolation {unknown}
 f - a scroll of enchant weapon {unknown}
 g - 2 scrolls of noise {unknown}
 m - a scroll of amnesia {unknown}
 n - a scroll of magic mapping {unknown}
 o - a scroll of vulnerability {unknown}
Potions
 h - a potion of attraction {unknown}
 i - a potion of curing {unknown}
 l - a potion of might
 p - a potion of invisibility {unknown}


   Skills:
 + Level 1.3 Fighting
 + Level 0.2 Axes
 - Level 1.7 Dodging
 - Level 3.0 Stealth
 - Level 2.0 Spellcasting
 - Level 4.2 Necromancy


You had 5 spell levels left.
You knew the following spells:

 Your Spells              Type           Power      Damage    Failure   Level
a - Necrotise             Necr           44%        1d6       4%          1

Your spell library contained the following spells:

 Spells                   Type           Power      Damage    Failure   Level
 Vampiric Draining        Necr           11%        2d6       14%         3
 Animate Dead             Necr           11%        N/A       43%         4
 Agony                    Necr           11%        N/A       80%         5


Dungeon Overview and Level Annotations

Branches:
Dungeon (2/15)

Altars:


Innate Abilities, Weirdness & Mutations

You are immune to poison.
You have sharp fingernails.
Your flesh is cold resistant. (rC+)
You are immune to negative energy. (rN+++)
You do not regenerate when monsters are visible.
You are immune to unholy pain and torment.
You thrive by killing the living.


Message History

Your rat skeleton barely misses the worm.
You miscast Necrotise.
You are very lightly contaminated with residual magic.
Nothing appears to happen.
Your rat skeleton bites the worm.
The worm bites you.
The worm writhes in agony.
Your rat skeleton completely misses the worm.
The worm writhes in agony.
The worm bites you!
The worm struggles to resist.
Your rat skeleton bites the worm but does no damage.
You barely miss the worm.
The worm is moderately wounded.
Your rat skeleton bites the worm.
The worm closely misses you.
Okay, then.
Your rat skeleton bites the worm.
The worm bites you.
Your rat skeleton barely misses the worm.
Your magical contamination has completely faded away.
The worm bites your rat skeleton.
Your rat skeleton bites the worm.
Your rat skeleton bites the worm.
The worm bites your rat skeleton.
Your rat skeleton bites the worm.
The worm bites your rat skeleton.
Your rat skeleton bites the worm.
Your rat skeleton barely misses the worm.
There is a stone staircase leading up here.
Aiming: Necrotise (safe; 4% risk of failure)
Press: ? - help, Q - select action Shift-Dir - straight line, f/p - worm
Aim: a worm (moderately wounded, ally target, chance to affect: 73%)
The worm writhes in agony.
You hit the worm but do no damage.
The worm is moderately wounded.
Your rat skeleton bites the worm.
The worm bites you but does no damage.
You hit the worm.
The worm is severely wounded.
Your rat skeleton barely misses the worm.
The worm bites you!
* * * LOW HITPOINT WARNING * * *
Okay, then.
It was a potion of might.
You feel very mighty all of a sudden.
Your rat skeleton bites the worm.
The worm bites you!
You die...

..... ##. ....#. #..
...... ..
......######.####
.......#.<.......
.........##.###..
#####....$...#..
........Z.###......
####....w@#........
##...........#...(
#..........#.(...#
...#......####.....
######.........# ....
#....#...## ..##
#..#.#...#####...##.
#####<#.#..............
##.....#.#......>.......


You could see a worm (ally target) and a friendly rat skeleton.

Vanquished Creatures
  4 ball pythons
  2 goblins
  5 hobgoblins (D:1)
  2 jackals (D:1)
  A quokka (D:1)
  6 bats (D:1)
  A frilled lizard (D:1)
  3 rats
24 creatures vanquished.

Vanquished Creatures (collateral kills)
  A bat (D:2)
  2 endoplasms
  A goblin (D:1)
  A hobgoblin (D:1)
  A jackal (D:1)
6 creatures vanquished.

Grand Total: 30 creatures vanquished

Notes
Turn   | Place    | Note
-------+----------+-------------------------------------------
     0 | D:1      | cheesebisquit the Ghoul Necromancer began the quest for the
                  | Orb.
     0 | D:1      | Reached XP level 1. HP: 14/14 MP: 2/2
   196 | D:1      | Reached XP level 2. HP: 22/22 MP: 0/4
   298 | D:1      | Reached skill level 1 in Fighting
   439 | D:1      | You fall into a shaft and drop 1 floor!
   587 | D:2      | Noticed an ogre
   696 | D:1      | Reached XP level 3. HP: 17/28 MP: 2/5
   938 | D:1      | Found a faded altar of an unknown god.
  1396 | D:2      | Slain by a worm

Illustrated notes

Levels and vault maps discovered:
D:1:      wheals_arrival_shading, layout_basic,
          hellmonk_ecumenical_altar_leap_of_faith,
          nicolae_concentric_dashed_squares_mild, minivault_14,
          chequers_serial_rivers_marsh
D:2:      layout_rooms, minmay_hexomino_u4, uniq_natasha,
          uniq_crazy_yiuf_cottage, uniq_terence

Skill      XL: |  1  2  3 |
---------------+----------+-----
Spellcasting   | 2 |  2.0
Fighting       | 1 |  1.3
Stealth        | 3 |  3.0
Axes           | |  0.2
Dodging        | |  1.7
Necromancy     | |  4.2

Action                     || total
---------------------------++-------
  Melee: Unarmed           ||     8
         Dagger            ||    12
         Hand axe          ||     3
   Cast: Necrotise         ||    53
    Use: Potion            ||     2
 Armour: Robe              ||    12
  Dodge: Dodged            ||    31
